Map: King Sejong Station LE

Players

Nickos

  • Race: Terran Terran
  • League: Gold

trance - Winner!

  • Race: Terran Terran
  • League: Gold

VOD

Have the link to the VOD?

Description

Time

  • Played on: Sept. 22, 2016, 4:47 a.m.
  • Length: 8:45
Show
View Real Time Build Order
Export as new Build Order

Nickos Terran 

Build Orders:  

Get SALT Encoding   

  12  0:01  SCV  
  13  0:13  SCV  
  14  0:18  Supply Depot  
  14  0:25  SCV  
  15  0:39  SCV  
  15  0:40  Barracks  
  16  0:51  SCV  
  17  1:03  SCV  
  18  1:15  SCV  
  19  1:25  Command Center  
  19  1:29  Orbital Command  
  19  1:31  Marine  
  20  1:39  Supply Depot  
  20  1:49  Marine  
  21  2:06  SCV  
  22  2:10  Marine  
  22  2:12  Barracks  
  22  2:14  Barracks  
  23  2:18  SCV  
  24  2:30  SCV, Bunker, Marine  
  26  2:43  SCV  
  27  2:44  Orbital Command  
  27  2:46  Refinery  
  27  2:47  Refinery  
  27  2:48  Marine  
  28  2:56  SCV  
  28  3:08  SCV  
  28  3:11  SCV  
  30  3:13  Marine  
  30  3:17  Barracks Tech Lab  
  32  3:20  SCV  
  32  3:23  SCV  
  32  3:25  Barracks Reactor  
  33  3:31  Marine  
  33  3:32  SCV  
  35  3:35  SCV  
  35  3:37  Supply Depot  
  36  3:44  SCV, Stimpack  
  36  3:53  Marine x2  
  38  3:56  SCV x2  
  38  4:01  Supply Depot  
  39  4:08  SCV x2  
  39  4:11  Marine  
  39  4:14  Marine  
  39  4:15  Marine  
  42  4:17  Barracks Reactor  
  42  4:22  Factory  
  42  4:24  Engineering Bay  
  42  4:25  Barracks, SCV x2  
  42  4:29  Marine  
  45  4:37  Marine x2, SCV x2  
  49  4:48  Supply Depot  
  49  4:49  SCV x2  
  49  4:51  Refinery  
  51  4:54  Engineering Bay  
  51  4:55  Marine x3  
  47  5:24  Marine  
  47  5:27  Marine x3  
  51  5:28  Barracks Tech Lab  
  51  5:29  Marauder  
  52  5:41  Marine  
  52  5:45  Marine x3  
  54  5:51  Marine, Marauder  
  54  5:52  Factory Reactor  
  54  5:56  Starport  
  57  5:59  Marine  
  57  6:03  Marine  
  57  6:08  Marine  
  57  6:09  Marine x2  
  60  6:11  Terran Infantry Weapons Level 1  
  60  6:12  Terran Infantry Armor Level 1  
  60  6:15  Supply Depot  
  55  6:18  Barracks  
  55  6:24  Marine  
  50  6:35  Marine x4  
  44  6:41  Command Center  
  32  6:58  Marine x2  
  32  6:59  Marine  
  32  7:04  SCV x2  
  32  7:08  Barracks Reactor  
  30  7:16  SCV x2  
  29  7:23  Marine  
  29  7:24  Marine  
  29  7:25  Marine x2  
  29  7:30  Marine  
  29  7:31  Marine  
  27  7:44  Missile Turret  
  26  7:55  Marine x3  
  22  8:07  Missile Turret  
  20  8:13  Marine  
  19  8:25  Marine  
Show
View Real Time Build Order
Export as new Build Order

trance Terran - Winner!

Build Orders:  

Get SALT Encoding   

  12  0:03  SCV  
  13  0:18  SCV  
  14  0:30  SCV  
  15  0:37  Supply Depot  
  15  0:39  Refinery  
  15  0:59  SCV  
  16  1:04  Barracks  
  16  1:11  SCV  
  17  1:23  SCV  
  18  1:35  SCV  
  19  1:52  Barracks  
  19  1:53  Supply Depot  
  20  2:08  Reaper  
  19  2:17  Orbital Command  
  19  2:26  Factory  
  19  2:27  Refinery  
  19  2:40  Reaper  
  20  2:45  SCV  
  21  2:57  Supply Depot  
  21  2:58  SCV  
  22  3:10  Engineering Bay  
  22  3:12  Starport, Reaper  
  23  3:15  Factory Reactor  
  23  3:26  Supply Depot  
  22  4:13  Reaper  
  22  4:15  Starport Tech Lab  
  23  4:19  Hellion x2  
  27  4:31  Missile Turret  
  27  4:39  Missile Turret  
  27  4:40  Missile Turret  
  27  4:45  Reaper  
  27  4:47  Hellion x2, Banshee  
  27  4:49  Command Center  
  27  4:51  Cloaking Field  
  29  5:26  Reaper  
  29  5:28  Hellion x2  
  31  5:58  Banshee  
  31  6:00  Marine  
  31  6:02  Hellion x2  
  39  6:17  Marine  
  30  7:08  Marine  
  30  7:10  Hellion x2, Banshee  
  33  7:25  Marine  
  34  7:31  Hellion  
  36  7:43  Hellion, Marine  
  39  7:53  Hellion, Banshee  
Tags
 
Add a new tag
Caveats
  • Supply blocks, unpowered buildings, or Contaminate may cause inaccurate times.
  • Supply counts are checked every 10 seconds.